 Dungeon Crawl Stone Soup version 0.27-a0-965-gbf8bb431c4 (webtiles) character file.

Game seed: 16261528358020903665

813 Mgcat the Fighter (level 7, -3/80 HPs)
             Began as an Ogre Hunter on Apr 12, 2021.
             Was an Initiate of Makhleb.
             Slain by an orc
             ... wielding a +0 hand axe
              (4 damage)
             ... on level 6 of the Dungeon.
             The game lasted 00:09:00 (5408 turns).

Mgcat the Fighter (Ogre Hunter)                     Turns: 5408, Time: 00:09:01

Health: -3/80      AC:  3    Str: 19    XL:     7   Next: 93%
Magic:  9/9        EV:  9    Int: 12    God:    Makhleb [......]
Gold:   211        SH:  0    Dex:  9    Spells: 6/6 levels left

rFire    . . .     SeeInvis .   u - +0 giant club
rCold    . . .     Faith    .   (shield currently unavailable)
rNeg     . . .     Spirit   .   b - +0 robe
rPois    .         Reflect  .   (helmet restricted)
rElec    .         Harm     .   (no cloak)
rCorr    +         Rampage  .   (gloves unavailable)
Will     .....                  (boots unavailable)
Stlth    +.........             (no amulet)
HPRegen  0.23/turn              s - ring of resist corrosion
MPRegen  0.11/turn              (no ring)

@: no status effects
A: large, unfitting armour, tough skin 1
a: Renounce Religion


You were on level 6 of the Dungeon.
You worshipped Makhleb.
Makhleb was noncommittal.
You visited 2 branches of the dungeon, and saw 7 of its levels.

You collected 211 gold pieces.

Inventory:

Hand Weapons
 u - a +0 giant club (weapon)
   (You took it off an ogre on level 5 of the Dungeon)
Missiles
 c - 5 large rocks (quivered) {!d}
 d - 2 throwing nets {=f, !d}
 i - 10 atropa-tipped darts
Armour
 b - a +0 robe (worn)
Jewellery
 s - a ring of resist corrosion (left hand)
   (You found it on level 3 of the Dungeon)
Scrolls
 g - 2 scrolls of enchant weapon {unknown}
 k - 3 scrolls of amnesia
 l - a scroll of blinking {unknown}
 n - 2 scrolls of teleportation {unknown}
 o - a scroll of enchant armour {unknown}
 p - a scroll of summoning {unknown}
 r - a scroll of magic mapping {unknown}
Potions
 e - a potion of heal wounds {unknown}
 f - 3 potions of degeneration {unknown}
 h - a potion of brilliance
 j - 2 potions of lignification {!q}
 m - 2 potions of invisibility
 q - a potion of cancellation {unknown}
 t - a potion of curing {unknown}


   Skills:
 + Level 8.0 Fighting
 * Level 4.6 Maces & Flails
 - Level 4.0 Throwing
 - Level 1.7 Dodging
 - Level 0.6 Stealth
 + Level 3.6 Invocations


You had 6 spell levels left.
You didn't know any spells.
Your spell library contained the following spells:

 Spells                   Type           Power      Damage    Failure   Level
 Beastly Appendage        Tmut           0%         N/A       32%         1
 Sting                    Tmut/Pois      0%         1d3       32%         1
 Corpse Rot               Necr/Air       N/A        N/A       45%         2
 Static Discharge         Conj/Air       0%         N/A       69%         3
 Airstrike                Air            0%         N/A       97%         4
 Tornado                  Air            0%         N/A       100%        9


Dungeon Overview and Level Annotations

Branches:
Dungeon (6/15)             Temple (1/1) D:4

Altars:
Cheibriados
Fedhas
Gozag
Hepliaklqana
Kikubaaqudgha
Makhleb
Nemelex Xobeh
Qazlal
Ru
Sif Muna
Trog
Uskayaw
Vehumet
Wu Jian
Zin
The Shining One

Shops:
D:3 :


Innate Abilities, Weirdness & Mutations

You are too large for most types of armour.
You have tough skin. (AC +1)


Message History

You see here 25 bolts.
You see here a +0 flail.
There is an open door here.
Done exploring.
Done exploring.
Done exploring.
Done exploring.
Done exploring.
Search for what [Enter for "."]? .
Unknown command.
Unknown command.
Drop what? 21/52 slots (_ for help) (? for menu, Esc to quit)
You drop a wand of polymorph (5).
Unknown command.
Unknown command.
Unknown command.
Done exploring.
Done exploring.
Done exploring.
(D) Dungeon (T) Temple
Where to? (Enter - D:5 @ (x,y), ? - help)
What level of the Dungeon? (default 1, ? - help) As you open the door, it creaks loudly!
There is an open door here.
There is a stone staircase leading down here.
You climb downwards.
An orc comes into view. It is wielding a +0 hand axe.
Found 14 arrows and a scroll labelled JUNUCO RANAC.
Found a stone staircase leading down.
There is a stone staircase leading up here.
A sky beast comes into view.
The orc shouts!
The sky beast moves out of view.
The orc grunts loudly, as Orcs often do.
You closely miss the orc. The orc hits you with a +0 hand axe.
The orc closely misses you.
You take 2 damage, and have 78/80 hp.
You barely miss the orc. The orc closely misses you.
You closely miss the sky beast. The orc barely misses you.
The sky beast hits you but does no damage.
You hit the sky beast but do no damage. The orc hits you with a +0 hand axe.
The sky beast hits you but does no damage.
The orc hits you but does no damage.
You take 1 damage, and have 78/80 hp.
You barely miss the sky beast. The sky beast hits you.
The sky beast shocks you. The orc hits you with a +0 hand axe.
The sky beast completely misses you.
You take 8 damage, and have 70/80 hp.
You thump the sky beast!
The sky beast is heavily wounded.
The orc hits you with a +0 hand axe. The sky beast hits you.
The sky beast shocks you. The orc hits you with a +0 hand axe.
You take 12 damage, and have 58/80 hp.
You are too injured to fight recklessly!
You are too injured to fight recklessly!
You are too injured to fight recklessly!
You are too injured to fight recklessly!
You closely miss the orc. The sky beast hits you. The sky beast shocks you.
The orc hits you with a +0 hand axe. The sky beast hits you.
The sky beast shocks you.
You take 17 damage, and have 41/80 hp.
MASSIVE DAMAGE!!
You closely miss the orc. The orc barely misses you.
The sky beast barely misses you.
You hit the orc.
The orc is moderately wounded.
The orc hits you with a +0 hand axe. The sky beast barely misses you.
The orc barely misses you.
You take 3 damage, and have 39/80 hp.
You barely miss the orc.
The orc is lightly wounded.
The sky beast hits you. The sky beast shocks you.
The orc hits you with a +0 hand axe. The sky beast closely misses you.
You take 14 damage, and have 25/80 hp.
Throw: 7 large rocks {!d}
Press: ? - help, Q - select action Shift-Dir - straight line, f - sky beast
Aim: a sky beast (heavily wounded, 51% to hit)
You throw a large rock {!d}.
The large rock {!d} misses the sky beast.
The orc hits you with a +0 hand axe.
* * * LOW HITPOINT WARNING * * *
The sky beast hits you.
* * * LOW HITPOINT WARNING * * *
The sky beast shocks you.
* * * LOW HITPOINT WARNING * * *
The orc hits you but does no damage. The sky beast hits you.
* * * LOW HITPOINT WARNING * * *
The sky beast shocks you.
* * * LOW HITPOINT WARNING * * *
You take 16 damage, and have 9/80 hp.
Throw: 6 large rocks {!d}
Press: ? - help, Q - select action Shift-Dir - straight line, f/p - sky beast
Aim: a sky beast (moderately wounded, 51% to hit)
You throw a large rock {!d}.
The large rock {!d} hits the sky beast!!
You kill the sky beast!
Makhleb accepts your kill. The orc hits you with a +0 hand axe!
* * * LOW HITPOINT WARNING * * *
The orc hits you with a +0 hand axe.
You die...

####...####
#......... ..
...........##..
..........!.....
...... .......##.
#..##.##.........
#...#....o.......
#..(.....(@.......
.....#............
....#..........#..
.............#[#
#.....<....## ..
#...........# .#
....(...#####... #
......... .##
.>....... #


You could see an orc.

Vanquished Creatures
  Sigmund (D:5)
  Menkaure (D:5)
  A sky beast (D:6)
  An ice beast (D:4)
  An ogre (D:5)
  A jelly (D:5)
  An orc priest (D:5)
  3 hounds (D:5)
  2 iguanas (D:4)
  4 gnolls (D:2)
  An adder (D:5)
  An ufetubus (D:5)
  3 dart slugs
  11 orcs
  9 bats
  7 endoplasms
  4 giant cockroaches
  7 goblins
  3 hobgoblins
  2 jackals (D:4)
  6 quokkas
  8 ball pythons
  2 frilled lizards
  11 kobolds
  A quokka skeleton (D:4)
  A rat (D:2)
93 creatures vanquished.

Vanquished Creatures (others)
  3 plants
3 creatures vanquished.

Grand Total: 96 creatures vanquished

Notes
Turn   | Place    | Note
-------+----------+-------------------------------------------
     0 | D:1      | Mgcat the Ogre Hunter began the quest for the Orb.
     0 | D:1      | Reached XP level 1. HP: 22/22 MP: 1/1
    29 | D:1      | Reached skill level 3 in Fighting
   124 | D:1      | Reached XP level 2. HP: 31/32 MP: 2/2
   267 | D:1      | Reached skill level 4 in Fighting
   529 | D:1      | Reached XP level 3. HP: 40/40 MP: 3/3
  1013 | D:2      | Reached skill level 5 in Fighting
  1284 | D:2      | Reached XP level 4. HP: 50/50 MP: 4/4
  1296 | D:2      | Reached skill level 6 in Fighting
  1565 | D:2      | Found a faded altar of an unknown god.
  2401 | D:3      | Reached XP level 5. HP: 59/61 MP: 5/5
  2591 | D:3      | Found Naske's Book Boutique.
  2674 | D:3      | Reached skill level 1 in Maces & Flails
  2825 | D:4      | Found a staircase to the Ecumenical Temple.
  2836 | Temple   | Entered the Ecumenical Temple
  3011 | Temple   | Became a worshipper of Makhleb the Destroyer
  3067 | D:4      | Noticed an ice beast
  3299 | D:4      | Killed an ice beast
  3300 | D:4      | Reached skill level 2 in Maces & Flails
  3300 | D:4      | Reached skill level 1 in Invocations
  3300 | D:4      | Reached XP level 6. HP: 46/68 MP: 5/7
  3632 | D:4      | Identified the Disquisition on Transformation and Flight
  4023 | D:5      | Entered Level 5 of the Dungeon
  4151 | D:5      | Reached skill level 7 in Fighting
  4151 | D:5      | Reached skill level 2 in Invocations
  4154 | D:5      | Reached skill level 3 in Maces & Flails
  4210 | D:5      | Noticed Menkaure
  4212 | D:5      | Killed Menkaure
  4213 | D:5      | Reached XP level 7. HP: 69/78 MP: 8/8
  4216 | D:5      | Noticed Sigmund
  4219 | D:5      | Killed Sigmund
  4220 | D:5      | Reached skill level 4 in Maces & Flails
  4220 | D:5      | Reached skill level 3 in Invocations
  5031 | D:5      | Reached skill level 8 in Fighting
  5407 | D:6      | HP: 16/80 [sky beast (6)]
  5408 | D:6      | HP: 1/80 [orc/+0 hand axe (8)]
  5408 | D:6      | Slain by an orc

Illustrated notes

Levels and vault maps discovered:
D:1:      psy_arrival_conway, layout_rooms
D:2:      layout_basic, shapermc_ecumenical_altar_totnotflames
D:3:      layout_basic, serial_bayou, serial_bayou_crossing,
          serial_bayou_pond_d, serial_bayou_shore_b, serial_bayou_pond_d,
          serial_bayou_shore_b, serial_shops, shop
D:4:      layout_loops_cross, minmay_temple_entry_steel_oval, kennysheep_path_1
D:5:      layout_loops_corners, grunt_decor_fettered, uniq_sigmund,
          uniq_menkaure
D:6:      layout_loops_ring, gammafunk_temple_overflow_elements
Temple:   regret_index_temple_sphere_string

Skill      XL: |  1  2  3  4  5  6  7 |
---------------+----------------------+-----
Fighting       | 3 4 5 6 7 8 |  8.0
Maces & Flails | 2 3 4 |  4.6
Invocations    | 1 2 3 |  3.6
Throwing       | |  4.0
Dodging        | |  1.7
Stealth        | |  0.6

Action                   |  1- 3 |  4- 6 |  7- 9 || total
-------------------------+-------+-------+-------++-------
Melee: Short sword       |   123 |    27 |       ||   150
       Flail             |       |    95 |    18 ||   113
       Giant club        |       |       |    22 ||    22
Throw: Large rock        |     8 |    19 |    15 ||    42
  Use: Scroll            |       |     4 |       ||     4
 Stab: Sleeping          |       |     1 |       ||     1
       Distracted        |       |       |     1 ||     1
Armor: Robe              |    43 |    38 |    16 ||    97
Dodge: Dodged            |    83 |    70 |    30 ||   183

Table legend: (Time is in decaauts)
 A = Elapsed time spent in this place.
 B = Non-inter-level travel time spent in this place.
 C = Inter-level travel time spent in this place.
 D = Time resting spent in this place.
 E = Time spent auto-exploring this place.
 F = Levels seen in this place.
 G = Mean time per level.
                   A        B        C        D        E       F      G
               +--------+--------+--------+--------+--------+-----+--------+
         Total |   5515 |   5222 |    293 |    758 |   3519 |   7 |  787.9 |
       Dungeon |   5314 |   5078 |    236 |    758 |   3378 |   6 |  885.7 |
        Temple |    200 |    143 |     57 |      0 |    141 |   1 |  200.0 |
               +--------+--------+--------+--------+--------+-----+--------+

Top non-repeatable levels by time:
     D:5: 1393 daAuts
     D:3: 1128 daAuts
     D:2: 991 daAuts
     D:1: 979 daAuts
     D:4: 801 daAuts
  Temple: 200 daAuts
     D:6: 20 daAuts

Table legend:
 A = Kills in this place as a percentage of kills in entire the game.
 B = Kills by you in this place as a percentage of kills by you in the entire game.
 C = Kills by friends in this place as a percentage of kills by friends in the entire game.
 D = Other kills in this place as a percentage of other kills in the entire game.
 E = Experience gained in this place as a percentage of experience gained in the entire game.
 F = Experience gained in this place divided by the number of levels of this place that you have seen.
                   A       B       C       D       E      F
               +-------+-------+-------+-------+-------+----------------------
         Total | 100.0 | 100.0 |   N/A |   N/A | 100.0 | 184.9
       Dungeon | 100.0 | 100.0 |   N/A |   N/A | 100.0 | 215.7
               +-------+-------+-------+-------+-------+----------------------
